 Dungeon Crawl Stone Soup version 0.21.1-1-g345015f (webtiles) character file.

202 dvd the Insei (level 5, 0/33 HPs)
             Began as an Octopode Transmuter on July 29, 2018.
             Slain by Robin
             ... wielding a +0 club
              (6 damage)
             ... on level 4 of the Dungeon.
             The game lasted 00:05:24 (2363 turns).

dvd the Insei (Octopode Transmuter)                 Turns: 2363, Time: 00:05:25

Health: 0/33       AC:  1    Str: 10    XL:     5   Next: 80%
Magic:  9/9        EV: 13    Int: 19    God:
Gold:   94         SH:  0    Dex: 12    Spells: 5/9 levels left

rFire    . . .     SeeInvis .   q - +4 quarterstaff (chaos)
rCold    . . .     Gourm    .   (shield currently unavailable)
rNeg     + . .     Faith    .   (helmet restricted)
rPois    .         Spirit   .   (no amulet)
rElec    .         Reflect  .   e - ring of positive energy
rCorr    .         Harm     .   k - +3 ring of intelligence
MR       .....                  (no ring)
Stlth    ++........             (no ring)
HPRegen  0.11/turn              (no ring)
MPRegen  0.11/turn              (no ring)
                                (no ring)
                                (no ring)

@: appendage (expiring)
A: almost no armour, stealthy swim, amphibious, 8 rings, constrict 8, tentacle
spike 3, camouflage 1, gelatinous body 1
a: End Transformation


You were on level 4 of the Dungeon.
You were not hungry.
One of your tentacles had a temporary spike.
You visited 1 branch of the dungeon, and saw 4 of its levels.

You collected 94 gold pieces.

Inventory:

Hand Weapons
 q - a +4 quarterstaff of chaos (weapon)
Missiles
 a - 30 arrows
Jewellery
 e - a ring of positive energy (left tentacle)
 k - a +3 ring of intelligence (right tentacle)
Wands
 p - a wand of polymorph (6)
Scrolls
 g - a scroll of amnesia {unknown}
 i - a scroll of immolation {unknown}
 l - a scroll of fear {unknown}
 m - a scroll of teleportation {unknown}
 n - 3 scrolls of identify {unknown}
 r - a scroll of remove curse {unknown}
Potions
 d - a potion of curing {unknown}
 h - a potion of invisibility {unknown}
 j - 2 potions of ambrosia {unknown}
 o - a potion of heal wounds {unknown}
Books
 b - a book of Changes

   Spells                             Type                      Level
   a - Beastly Appendage              Transmutation                1
   b - Sticks to Snakes               Transmutation                2
   c - Spider Form                    Transmutation/Poison         3
   d - Ice Form                       Ice/Transmutation            4
   e - Blade Hands                    Transmutation                5
Comestibles
 c - 4 rations


   Skills:
 + Level 1.0 Fighting
 + Level 2.3 Dodging
 + Level 4.4 Unarmed Combat
 + Level 2.9 Spellcasting
 * Level 3.9 Transmutations
 + Level 0.3 Poison Magic


You had 5 spell levels left.
You knew the following spells:

 Your Spells              Type           Power        Failure   Level  Hunger
a - Beastly Appendage     Tmut           ###...       3%          1    None
b - Spider Form           Tmut/Pois      ##........   19%         3    ###....


Dungeon Overview and Level Annotations

Branches:
Dungeon (4/15)
 Temple: D:4-7

Altars:
Xom
The Shining One

Shops:
D:4 :

Annotations:
D:4 Robin


Innate Abilities, Weirdness & Mutations

You cannot wear most types of armour.
You are very stealthy in the water. (Stealth+)
You are amphibious.
You can wear up to eight rings at the same time.
You can use your tentacles to constrict eight enemies at once.
Your skin changes colour to match your surroundings (Stealth+).
Your rubbery body absorbs attacks. (AC +1, EV +1)
One of your tentacles bears a large vicious spike.


Message History

The hobgoblin shouts!
You hit the hobgoblin.
The hobgoblin is almost dead.
You constrict the hobgoblin.
You kill the hobgoblin!
You hear a shout! x3
Robin closely misses you.
A goblin and 2 hobgoblins come into view.
You closely miss Robin.
The hobgoblin shouts!
Your grab misses Robin. Robin hits you with a club.
* * * LOW HITPOINT WARNING * * *
The hobgoblin moves out of view.
Robin roars a battlecry!
The goblins go into a battle-frenzy!
You hear a shout! 2 goblins come into view.
You hear an angry hiss.
The goblin moves out of view.
Robin hits you with a club.
You die...

.#.......#####
.............
...........g
......<..gg
........gg
#.......#
##.....gg#
∩......@.#
##########


You could see Robin, 3 hobgoblins and 3 goblins.

Vanquished Creatures
  The ghost of Lilu the Conjurer, a weakling DECj (D:3)
  An orc priest (D:3)
  Crazy Yiuf (D:2)
  An orc wizard (D:3)
  2 oozes
  2 worms
  3 dart slugs
  2 leopard geckos (D:1)
  3 orcs (D:3)
  3 giant cockroaches
  13 hobgoblins
  5 jackals
  4 kobolds
  A quokka (D:2)
  A ball python (D:2)
  7 bats
  A frilled lizard (D:1)
  6 goblins
  3 rats
60 creatures vanquished.

Notes
Turn   | Place    | Note
-------+----------+-------------------------------------------
     0 | D:1      | dvd the Octopode Transmuter began the quest for the Orb.
     0 | D:1      | Reached XP level 1. HP: 13/13 MP: 3/3
    53 | D:1      | Reached XP level 2. HP: 16/18 MP: 3/5
   361 | D:1      | Reached XP level 3. HP: 23/23 MP: 4/6
   589 | D:1      | Found a hide-covered altar of Uskayaw.
   591 | D:1      | Found a burning altar of Makhleb.
   591 | D:1      | Found a shimmering altar of Xom.
   594 | D:1      | Found a glowing golden altar of the Shining One.
   594 | D:1      | Found a snail-covered altar of Cheibriados.
   594 | D:1      | Found a bloodstained altar of Trog.
  1120 | D:2      | Learned a level 3 spell: Spider Form
  1443 | D:2      | Reached XP level 4. HP: 25/28 MP: 5/7
  1543 | D:2      | Found a runed door.
  1578 | D:2      | Noticed Crazy Yiuf
  1588 | D:2      | Killed Crazy Yiuf
  1699 | D:3      | Found a glowing golden altar of the Shining One.
  1724 | D:3      | Reached skill level 4 in Unarmed Combat
  1793 | D:3      | Reached XP level 5. HP: 23/33 MP: 4/9
  1929 | D:3      | Noticed Lilu's ghost (weakling DECj)
  1934 | D:3      | Killed Lilu's ghost
  2351 | D:4      | Found Woqy's Book Shop.
  2357 | D:4      | Noticed Robin
  2363 | D:4      | Slain by Robin

Skill      XL: |  1  2  3  4 |
---------------+-------------+-----
Transmutations | 3 |  3.9
Unarmed Combat | 4 |  4.4
Fighting       | |  1.0
Dodging        | |  2.3
Spellcasting   | |  2.9
Poison Magic   | |  0.3

Action                   |  1- 3 |  4- 6 || total
-------------------------+-------+-------++-------
Melee: Unarmed           |    81 |    33 ||   114
       Constrict         |    23 |     5 ||    28
       Tentacles         |    10 |     1 ||    11
       Kick              |    10 |     3 ||    13
       Quarterstaff      |       |    19 ||    19
 Cast: Beastly Appendage |    22 |     4 ||    26
       Spider Form       |       |     5 ||     5
 Stab: Sleeping          |     5 |     1 ||     6
  Eat: Chunk             |     2 |     3 ||     5
Armor: Skin              |     4 |     4 ||     8
Dodge: Dodged            |    48 |    28 ||    76
